[Event "Juniorallsvenskan 2019, Division 1 and 2"]
[Site "Molnlycke kulturhus, Biblioteksgatan 2, Molnlycke, Sweden"]
[Date "2019.11.24"]
[Round "5.20"]
[White "Fridman, Arvid"]
[Black "Ekberg, Karl"]
[Result "0-1"]
[TimeControl "90 minutes + 30 seconds per move from move one"]
[WhiteFideId "1758632"]
[BlackFideId "1726277"]
[WhiteElo "1596"]
[BlackElo "1867"]

1. d4 d5 2. c4 c6 3. Nc3 Nf6 4. Bf4 e6 5. c5 Be7 6. Nf3 O-O 7. h3 Re8 8. e3 Nfd7 9. Bd3 Bxc5 10.
Bxb8 Rxb8 11. dxc5 e5 12. Be2 Nxc5 13. O-O e4 14. Nd4 Qg5 15. Bg4 f5 16. Bh5 Rf8 17. Kh1 Rf6 18. Rg1 Nd3 19.
Qe2 g6 20. g4 f4 21. f3 fxe3 22. Qh2 Nf2+ 23. Kg2 Qf4 24. Qxf4 Rxf4 25. Kg3 Rf8 26. Bxg6 hxg6 27. fxe4 dxe4 28.
Rge1 c5 29. Nb3 Rf3+ 30. Kg2 Nd3 31. Red1 e2 32. Nxe2 Rf2+ 0-1

[Event "Juniorallsvenskan 2019, Division 1 and 2"]
[Site "Molnlycke kulturhus, Biblioteksgatan 2, Molnlycke, Sweden"]
[Date "2019.11.24"]
[Round "5.21"]
[White "Klosinski, Daniel"]
[Black "Jonsson, Filip"]
[Result "0-1"]
[TimeControl "90 minutes + 30 seconds per move from move one"]
[WhiteFideId "1726323"]
[BlackFideId "1739441"]
[WhiteElo "1742"]
[BlackElo "1952"]

1. e4 e6 2. d4 d5 3. Nd2 Nf6 4. e5 Nfd7 5. Bd3 c5 6. c3 Nc6 7. Ne2 cxd4 8. cxd4 f6 9. exf6 Nxf6 10.
Nf3 Bd6 11. O-O Qc7 12. Ng3 O-O 13. Re1 e5 14. dxe5 Nxe5 15. Nxe5 Bxe5 16. Qb3 Qd6 17. Bd2 a5 18. Bc3 a4 19.
Bxe5 Qxe5 20. Qb4 Qg5 21. f4 Qh4 22. Re5 Bd7 23. Bf5 Bc6 24. Be6+ Kh8 25. Nf5 Qg4 26. Nd6 Qh4 27. g3 Qh6 28.
Nf7+ Rxf7 29. Bxf7 Ng4 30. Bh5 Nxe5 31. fxe5 Qxh5 32. Rf1 h6 33. e6 d4 34. e7 Qe2 35. Rf2 Qe4 36. Kf1 Re8 37.
Rf8+ Kh7 38. Rf7 d3 39. Rxg7+ Kxg7 40. Qc3+ Kh7 41. Qf6 Qg2+ 42. Ke1 Qe2# 0-1

[Event "Juniorallsvenskan 2019, Division 1 and 2"]
[Site "Molnlycke kulturhus, Biblioteksgatan 2, Molnlycke, Sweden"]
[Date "2019.11.24"]
[Round "5.22"]
[White "Derdic, Valentin"]
[Black "Johansson-Ohman, Linnea"]
[Result "0-1"]
[TimeControl "90 minutes + 30 seconds per move from move one"]
[WhiteFideId "1763687"]
[BlackFideId "1737260"]
[WhiteElo "1647"]
[BlackElo "1660"]

1. e4 c6 2. d4 d5 3. exd5 cxd5 4. c4 Nf6 5. Nc3 e6 6. Nf3 Nc6 7. Bg5 Be7 8. Bd3 O-O 9. a3 dxc4 10.
Bxc4 Nd5 11. Bxd5 exd5 12. Bxe7 Qxe7+ 13. Qe2 Qxe2+ 14. Nxe2 Re8 15. b4 Bf5 16. Kd2 Re7 17. Nh4 Rae8 18.
Rhe1 Bg4 19. f3 Bd7 20. g3 g5 0-1